 Dungeon Crawl Stone Soup version 0.22-a0-3-g4fa69d9 (webtiles) character file.

6516 wazuzu the Basher (level 11, -7/51 HPs)
             Began as a Vine Stalker Abyssal Knight on Jan 1, 2018.
             Was a High Priest of Lugonu.
             Mangled by a porcupine (10 damage)
             ... on level 1 of the Lair of Beasts.
             The game lasted 00:32:54 (8592 turns).

wazuzu the Basher (Vine Stalker Abyssal Knight)     Turns: 8592, Time: 00:32:54

Health: -7/51      AC: 10    Str: 18    XL:     11   Next: 0%
Magic:  0/27       EV: 10    Int: 12    God:    Lugonu [*****.]
Gold:   562        SH:  5    Dex: 14    Spells: 10/10 levels left

rFire    + . .     SeeInvis +   y - +2 mace (venom)
rCold    + . .     Gourm    .   t - +0 buckler
rNeg     . . .     Faith    .   w - +0 ring mail
rPois    .         Spirit   +   F - +2 helmet
rElec    .         Reflect  .   k - scarf {rC+ rF+}
rCorr    .         Harm     .   j - +1 pair of gloves
MR       +....                  (no boots)
Stlth    +.........             u - amulet of magic regeneration
HPRegen  0.57/turn              C - ring of magical power
MPRegen  0.45/turn              m - ring of see invisible

@: no status effects
A: fangs 3, regeneration 1, magic shield, antimagic bite, no potion heal 3, rot
immunity
a: Depart the Abyss, Bend Space, Banish, Corrupt, Enter the Abyss, Renounce
Religion


You were on level 1 of the Lair of Beasts.
You worshipped Lugonu.
Lugonu was extremely pleased with you.
You were not hungry.

You visited 2 branches of the dungeon, and saw 11 of its levels.
You visited the Abyss 1 time.

You collected 670 gold pieces.
You spent 108 gold pieces at shops.

Inventory:

Hand Weapons
 y - a +2 mace of venom (weapon)
Armour
 j - a +1 pair of gloves (worn)
 k - a scarf of resistance (worn)
 t - a +0 buckler (worn)
 w - a +0 ring mail (worn)
 F - a +2 helmet (worn)
Jewellery
 l - an uncursed ring of protection from cold
 m - a ring of see invisible (right hand)
 u - an amulet of magic regeneration (around neck)
 C - a ring of magical power (left hand)
Wands
 z - a wand of polymorph (13)
 A - a wand of disintegration (15)
 B - a wand of flame (98)
 D - a wand of iceblast (4)
Scrolls
 e - 5 scrolls of remove curse
 f - 5 scrolls of identify
 h - a scroll of enchant weapon
 o - 3 scrolls of fear
 p - a scroll of teleportation
 q - 7 scrolls of enchant armour
 x - 2 scrolls of fog
Potions
 b - a potion of resistance
 d - 3 potions of agility
 g - 3 potions of flight
 i - 3 potions of might
 n - 3 potions of brilliance
 r - a potion of curing
 s - a potion of haste
 E - a potion of berserk rage {unknown}
Books
 H - the Disquisition on Creative Boosts
   (You found it on level 8 of the Dungeon)

   Spells                             Type                      Level
   a - Infusion                       Charms                       1
   b - Summon Small Mammal            Summoning                    1
   c - Summon Mana Viper              Hexes/Summoning              5
   d - Shadow Creatures               Summoning                    6
   e - Spellforged Servitor           Conjuration/Summoning        7
Comestibles
 a - 5 chunks of flesh
 c - 19 rations


   Skills:
 - Level 2.6 Fighting
 + Level 12.0 Maces & Flails
 - Level 1.5 Armour
 - Level 0.7 Dodging
 - Level 5.0 Shields
 - Level 8.0 Invocations


You had 10 spell levels left.
You didn't know any spells.

Dungeon Overview and Level Annotations

Branches:
Dungeon (10/15)            Temple (0/1) D:4            Lair (1/6) D:8
    Orc: D:9-12

Altars:
Dithmenos
Kikubaaqudgha
Makhleb
Okawaru
Qazlal
Ru
Sif Muna
Wu Jian
Yredelemnul
Zin

Shops:
D:5 ?[


Innate Abilities, Weirdness & Mutations

You have razor-sharp teeth.
Your natural rate of healing is unusually fast.
When hurt, damage is shared between your health and your magic reserves.
Your bite disrupts and absorbs the magic of your enemies.
Potions cannot restore your health.
You are immune to rotting.


Message History

The komodo dragon hisses angrily.
A porcupine comes into view.
Found a scroll labeled JUKKIU UNYO.
You hit the komodo dragon but do no damage.
The komodo dragon is poisoned.
You bite the komodo dragon, but do no damage.
The komodo dragon bites you!!
You sock the komodo dragon!
The komodo dragon looks as sick as possible!
Your bite misses the komodo dragon.
The komodo dragon is moderately wounded.
The porcupine bites you. The komodo dragon bites you!!
You block the porcupine's attack. The porcupine bites you!
* * * LOW HITPOINT WARNING * * *
The porcupine barely misses you. The komodo dragon bites you!!
* * * LOW HITPOINT WARNING * * *
The porcupine bites you but does no damage.
The porcupine bites you!
You die...

#.# #..### #...
##...### ###..##
#####.#.#
.......###
#......# .#
.........##
##.....## ...
..........#
#.......## ....
.......##l#
##.......##..[.
.......
#r####......#.....
.......
#.@#.#.....#..#...
.......
##...........## ##
.....?.
###.#......##
....... #####...##
.##.### #..P#
#..## #.+## #..
#..#


You could see a komodo dragon and a porcupine.

Vanquished Creatures
  Erolcha (D:10)
  A merfolk (D:9)
  2 hippogriffs
  A human (D:5)
  A wyvern (D:8)
  4 yaks
  A hungry ghost (D:10)
  A basilisk (D:8)
  Grum (D:9)
  2 orc warriors
  2 ice beasts (D:5)
  6 ogres
  A necrophage (D:7)
  4 wolves
  The ghost of Aryth the Charlatan, an amateur DDAr of Makhleb (D:3)
  7 centaurs
  A crocodile (D:8)
  7 bullfrogs
  A wyvern zombie (D:6)
  5 scorpions
  4 wights
  A crimson imp (D:5)
  2 howler monkeys
  6 hounds
  2 jellies
  5 orc wizards
  A bullfrog skeleton (D:7)
  4 orc priests
  2 iguanas
  5 worker ants
  A hound zombie (D:8)
  A howler monkey zombie (D:5)
  13 adders
  2 shadow imps
  3 oozes
  An adder skeleton (D:4)
  5 worms
  5 dart slugs
  9 leopard geckos
  20 orcs
  7 giant cockroaches
  7 goblins
  7 hobgoblins
  9 jackals
  8 kobolds
  6 quokkas
  A ball python (D:3)
  11 bats
  12 frilled lizards
  A goblin zombie (D:5)
  A jackal skeleton (D:5)
  7 rats
219 creatures vanquished.

Vanquished Creatures (others)
  A fungus (Lair:1)
  3 plants (D:6)
4 creatures vanquished.

Grand Total: 223 creatures vanquished

Notes
Turn   | Place    | Note
-------+----------+-------------------------------------------
     0 | Abyss:1  | wazuzu the Vine Stalker Abyssal Knight began the quest for the Orb.
     0 | Abyss:1  | Reached XP level 1. HP: 11/11 MP: 3/3
    49 | Abyss:1  | Found a corrupted altar of Lugonu.
   127 | Abyss:1  | Noticed a raiju
   128 | D:1      | Escaped the Abyss
   155 | D:1      | Reached skill level 2 in Maces & Flails
   159 | D:1      | Reached * piety under Lugonu
   474 | D:1      | Reached XP level 2. HP: 16/16 MP: 4/4
   585 | D:1      | Reached skill level 3 in Maces & Flails
   630 | D:1      | Reached XP level 3. HP: 9/19 MP: 5/5
  1606 | D:2      | Reached ** piety under Lugonu
  1612 | D:2      | Gained mutation: Your natural rate of healing is unusually fast. [Vine Stalker growth]
  1612 | D:2      | Reached XP level 4. HP: 5/23 MP: 6/6
  1698 | D:2      | Reached skill level 4 in Maces & Flails
  2339 | D:2      | Reached XP level 5. HP: 25/27 MP: 7/7
  2533 | D:3      | Noticed Aryth's ghost (amateur DDAr)
  2679 | D:3      | Found an ancient bone altar of Kikubaaqudgha.
  2688 | D:3      | Found a stormy altar of Qazlal.
  2695 | D:3      | Found a sacrificial altar of Ru.
  2697 | D:3      | Found a glowing silver altar of Zin.
  2698 | D:3      | Found an iron altar of Okawaru.
  2782 | D:3      | Reached skill level 5 in Maces & Flails
  2887 | D:3      | Reached *** piety under Lugonu
  2921 | D:3      | Killed Aryth's ghost
  2921 | D:3      | Reached XP level 6. HP: 18/32 MP: 8/8
  3204 | D:4      | Reached skill level 6 in Maces & Flails
  3218 | D:4      | Found a burning altar of Makhleb.
  3279 | D:4      | Found a staircase to the Ecumenical Temple.
  3340 | D:4      | Reached XP level 7. HP: 27/35 MP: 9/9
  3427 | D:4      | Reached skill level 7 in Maces & Flails
  3936 | D:5      | Entered Level 5 of the Dungeon
  3936 | D:5      | Found Ymiuci Epne's Magic Scroll Emporium.
  3987 | D:5      | Got a brightly glowing glaive
  3989 | D:5      | Identified the +8 glaive of Tartarus {chop, +Blink +Rage MR++ SInv} (You found it on level 5 of the Dungeon)
  4015 | D:5      | Reached skill level 8 in Maces & Flails
  4015 | D:5      | Gained mutation: You have razor-sharp teeth. [Vine Stalker growth]
  4015 | D:5      | Reached XP level 8. HP: 19/39 MP: 7/10
  4052 | D:5      | Found a runed door.
  4077 | D:5      | Found Paor's Antique Armour Shop.
  4090 | D:5      | Found a basalt altar of Yredelemnul.
  4155 | D:5      | Found a deep blue altar of Sif Muna.
  4304 | D:5      | Reached **** piety under Lugonu
  4413 | D:5      | Reached skill level 9 in Maces & Flails
  4626 | D:5      | Bought a buckler for 108 gold pieces
  4824 | D:6      | Reached XP level 9. HP: 27/43 MP: 9/11
  5387 | D:6      | Reached ***** piety under Lugonu
  5628 | D:7      | Reached skill level 5 in Shields
  5747 | D:7      | Reached skill level 10 in Maces & Flails
  5806 | D:7      | Found Kyurpheh's Jewellery Shoppe.
  5839 | D:7      | Found a shadowy altar of Dithmenos.
  6091 | D:8      | Found a staircase to the Lair.
  6216 | D:8      | Found a stormy altar of Qazlal.
  6271 | D:8      | Identified the Disquisition on Creative Boosts
  6336 | D:8      | Reached skill level 5 in Invocations
  6356 | D:8      | Reached XP level 10. HP: 47/47 MP: 14/14
  6913 | D:9      | Noticed Grum
  7011 | D:9      | Killed Grum
  7060 | D:8      | Reached skill level 11 in Maces & Flails
  7462 | D:9      | Found an ornate altar of the Wu Jian Council.
  7740 | D:10     | Entered Level 10 of the Dungeon
  7920 | D:10     | Noticed Erolcha
  7943 | D:10     | Killed Erolcha
  8095 | D:10     | Noticed a two-headed ogre
  8544 | Lair:1   | Entered Level 1 of the Lair of Beasts
  8554 | Lair:1   | Reached skill level 12 in Maces & Flails
  8554 | Lair:1   | Reached XP level 11. HP: 48/51 MP: 18/18
  8589 | Lair:1   | HP: 2/51 [komodo dragon (12)]
  8592 | Lair:1   | Mangled by a porcupine

Vault maps used:
D:1:      minmay_arrival_three_doors
D:2:      first_ration
D:3:      minitemple
D:4:      minmay_temple_entry_glass, makhleb_heckhound_becter
D:5:      overflow_temple_1_default, serial_shops, nicolae_shop_crystal, shop,
          minmay_misc_feat_cross, dk_yredelemnul_ordeal
D:6:      nicolae_benzene_ring, minmay_lizard_king
D:7:      serial_shops, nicolae_shop_waterfront, nicolae_dithmenos_the_darkroom
D:8:      david_lair_generic, grunt_qazlal_clouds
D:9:      lemuel_crystal_altar, hangedman_fish_farm, uniq_grum
D:10:     grunt_decor_mini_mirrors, uniq_erolcha

Skill      XL: |  1  2  3  4  5  6  7  8  9 10 |
---------------+-------------------------------+-----
Maces & Flails | 2 3 4 5 6 8 9 10 12 | 12.0
Shields        | 3 5 |  5.0
Invocations    | 5 8 |  8.0
Fighting       | |  2.6
Armour         | |  1.5
Dodging        | |  0.7

Action                   |  1- 3 |  4- 6 |  7- 9 | 10-12 || total
-------------------------+-------+-------+-------+-------++-------
Melee: Mace              |    95 |   203 |   363 |   254 ||   915
       Bite              |    23 |    61 |   125 |    74 ||   283
       Glaive            |       |       |    15 |       ||    15
Invok: Depart the Abyss  |     1 |       |       |       ||     1
Evoke: Wand              |       |       |     5 |    16 ||    21
  Use: Scroll            |     9 |     9 |     8 |     1 ||    27
       Potion            |       |     2 |     2 |     1 ||     5
 Stab: Sleeping          |     1 |     2 |       |       ||     3
       Paralysed         |       |       |     1 |     9 ||    10
       Invisible         |       |       |       |     2 ||     2
  Eat: Chunk             |     2 |     6 |    10 |    11 ||    29
Armor: Leather armour    |    34 |    63 |    15 |       ||   112
       Ring mail         |       |       |    82 |    93 ||   175
       Skin              |       |       |       |     3 ||     3
Dodge: Dodged            |    78 |   123 |   159 |   110 ||   470
Block: Buckler           |       |       |    39 |    77 ||   116

Table legend:
 A = Spawn XP
 B = Non-spawn XP
 C = Spawn XP percentage of total XP
 D = Spawn monster count
 E = Non-spawn monster count
 F = Spawn count percentage of total count
 G = Total turns spent on level
                    A         B        C        D         E        F      G
               +---------+---------+-------+---------+---------+-------+---------
         Total |       0 |    9309 |   0.0 |       0 |     219 |   0.0 |  8592
               +---------+---------+-------+---------+---------+-------+---------
           D:1 |       0 |      61 |   0.0 |       0 |      31 |   0.0 |  1415
           D:2 |       0 |     115 |   0.0 |       0 |      27 |   0.0 |   934
           D:3 |       0 |     194 |   0.0 |       0 |      24 |   0.0 |   618
           D:4 |       0 |     636 |   0.0 |       0 |      25 |   0.0 |   940
           D:5 |       0 |    1142 |   0.0 |       0 |      18 |   0.0 |   721
           D:6 |       0 |    1074 |   0.0 |       0 |      28 |   0.0 |   773
           D:7 |       0 |     358 |   0.0 |       0 |      10 |   0.0 |   551
           D:8 |       0 |    1342 |   0.0 |       0 |      16 |   0.0 |   759
           D:9 |       0 |    2278 |   0.0 |       0 |      23 |   0.0 |   977
          D:10 |       0 |    1862 |   0.0 |       0 |      16 |   0.0 |   728
        Lair:1 |       0 |     247 |   0.0 |       0 |       1 |   0.0 |    48
               +---------+---------+-------+---------+---------+-------+---------
